 Dungeon Crawl Stone Soup version 0.27-a0-1273-gec92ba881d (webtiles) character file.

Game seed: 2288114401360030551

228 robertstho the Magician (level 6, -3/42 HPs)
             Began as a Djinni Fire Elementalist on June 11, 2021.
             Slain by a gnoll
             ... wielding a +0 club
              (6 damage)
             ... on level 3 of the Dungeon.
             The game lasted 00:05:11 (3304 turns).

robertstho the Magician (Djinni Fire Elementalist)  Turns: 3304, Time: 00:05:12

Health: -3/42      AC:  3    Str:  7    XL:     6   Next: 23%
Gold:   118        EV: 12    Int: 18    God:
                   SH:  0    Dex: 14

rFire    + + .     SeeInvis .   g - +2 dagger (speed)
rCold    x . .     Faith    .   (no shield)
rNeg     . . .     Spirit   .   a - +1 robe
rPois    ∞         Reflect  .   (no helmet)
rElec    .         Harm     .   (no cloak)
rCorr    .         Rampage  .   (no gloves)
Will     .....                  (boots unavailable)
Stlth    ++........             (no amulet)
HPRegen  0.14/turn              (no ring)
MPRegen  0.00/turn              (no ring)

@: flying, very slightly contaminated, hasted, very quick
A: sickness immunity, fire resistance 2, cold vulnerability 1, float, innate
caster, hp casting, extra vitality 1
a: no special abilities


You were on level 3 of the Dungeon.
You visited 1 branch of the dungeon, and saw 3 of its levels.

You collected 118 gold pieces.

Inventory:

Hand Weapons
 e - a +1 mace of holy wrath
 g - a +2 dagger of speed (weapon)
Armour
 a - a +1 robe (worn)
Scrolls
 c - a scroll of enchant armour
Potions
 d - a potion of attraction {unknown}
 f - a potion of curing {unknown}
 i - a potion of flight


   Skills:
 * Level 1.5 Fighting
 + Level 2.2 Dodging
 + Level 1.9 Stealth
 * Level 4.7 Spellcasting


You couldn't memorise any spells.
You knew the following spells:

 Your Spells              Type           Power      Damage    Failure   Level
a - Foxfire               Conj/Fire      84%        2x1d8     1%          1
b - Conjure Flame         Conj/Fire      21%        6-21      6%          3
c - Inner Flame           Hex/Fire       21%        N/A       6%          3
d - Sticky Flame          Conj/Fire      21%        2d4       21%         4
e - Fireball              Conj/Fire      10%        3d6       50%         5
f - Magic Dart            Conj           84%        1d7       1%          1
g - Searing Ray           Conj           42%        3d4       3%          2
Your spell library was empty.

Dungeon Overview and Level Annotations

Branches:
Dungeon (3/15)

Altars:


Innate Abilities, Weirdness & Mutations

You are immune to sickness and miasma.
You are immune to poison.
Your flesh is very heat resistant. (rF++)
You are vulnerable to cold. (rC-)
You float through the air rather than walking.
You learn spells naturally, not from books.
Your magical power is your life essence.
You have superior vitality. (+4 HP)


Message History

The foxfire hits the gnoll.
The gnoll is moderately wounded.
Casting: Foxfire (safe; 1% risk of failure)
Press: ? - help, Q - select action, (/) - cycle Dir - look around, f - activate You conjure some foxfire!
The gnoll closely misses you.
Your foxfire dissipates!
The foxfire hits the gnoll.
The gnoll is moderately wounded.
Casting: Foxfire (safe; 1% risk of failure)
Press: ? - help, Q - select action, (/) - cycle Dir - look around, f - activate You conjure some foxfire!
The gnoll hits you with a +0 club!
The foxfire hits the gnoll.
The gnoll is moderately wounded.
The foxfire hits the gnoll.
The gnoll is heavily wounded.
Casting: Foxfire (safe; 1% risk of failure)
Confirm with . or Enter, or press ? or * to list all spells.
The spell is quite dangerous to cast (21% risk of failure)!
Continue anyway?
Aiming: Sticky Flame (quite dangerous; 21% risk of failure)
Press: ? - help, Shift-Dir - straight line, f - gnoll
Aim: a gnoll, wielding a +0 whip (moderately wounded, 100% to hit)
You miscast Sticky Flame.
You are very lightly contaminated with residual magic.
The air around you crackles with energy.
* * * LOW HITPOINT WARNING * * *
x2 The gnoll hits you with a +0 whip.
* * * LOW HITPOINT WARNING * * *
The gnoll closely misses you.
As you read the scroll labelled OKKOMA MATYCIWUAWN, it crumbles to dust.
It is a scroll of identify.
i - a potion of flight The gnoll hits you with a +0 club!
* * * LOW HITPOINT WARNING * * *
The gnoll barely misses you.
Found a quarterstaff.
It was a potion of haste.
You feel yourself speed up. The gnoll hits you with a +0 club.
You die...

##### ##...## ##.....##
##.......##### #.........##..
##########............#
#.)...@gg..........####
..#############....## ### #...##
#######.##.....(##..#######
#####....#.#J#..P...##.####....
#.##.....#.#.#.J..÷.##.###>..##
##.'......#'#.#...÷.÷##>....#...
#..')).....(#.#.J÷.JJ##.###...##
##..)).).....#.#.P.÷PP##.####.###


You could see 2 gnolls.

Vanquished Creatures
  A hound (D:2)
  A jelly (D:3)
  Jessica (D:2)
  Terence (D:2)
  A gnoll (D:3)
  4 adders
  A dart slug (D:2)
  6 ball pythons
  7 endoplasms
  2 giant cockroaches (D:1)
  4 goblins
  A hobgoblin (D:1)
  9 jackals
  12 kobolds
  2 quokkas (D:2)
  7 bats
  3 frilled lizards (D:1)
  6 rats
69 creatures vanquished.

Vanquished Creatures (others)
  281 foxfires
  7 toadstools (D:3)
288 creatures vanquished.

Grand Total: 357 creatures vanquished

Notes
Turn   | Place    | Note
-------+----------+-------------------------------------------
     0 | D:1      | robertstho the Djinni Fire Elementalist began the quest for
                  | the Orb.
     0 | D:1      | Reached XP level 1. HP: 15/15 MP: 0/0
   542 | D:1      | Reached XP level 2. HP: 18/21 MP: 0/0
  1006 | D:1      | Reached XP level 3. HP: 18/26 MP: 0/0
  1006 | D:1      | Learned a level 1 spell: Magic Dart
  1037 | D:1      | Reached skill level 3 in Spellcasting
  1311 | D:1      | Reached skill level 1 in Fighting
  1768 | D:2      | Noticed Terence
  1777 | D:2      | Killed Terence
  1778 | D:2      | Reached XP level 4. HP: 27/32 MP: 0/0
  1980 | D:2      | Reached XP level 5. HP: 30/37 MP: 0/0
  1980 | D:2      | Learned a level 2 spell: Searing Ray
  2213 | D:2      | Noticed Jessica
  2222 | D:2      | Killed Jessica
  2223 | D:2      | Reached skill level 4 in Spellcasting
  2632 | D:3      | Noticed an orc warrior
  2649 | D:3      | Found a faded altar of an unknown god.
  2958 | D:3      | Reached XP level 6. HP: 23/42 MP: 0/0
  3297 | D:3      | HP: 2/42 [gnoll/+0 club (7)]
  3304 | D:3      | Slain by a gnoll

Illustrated notes

Levels and vault maps discovered:
D:1:      minmay_arrival_doors, layout_rooms, st_stairs_10
D:2:      layout_basic, uniq_terence, uniq_jessica
D:3:      cheibrodos_fertilizer, layout_loops_ring, lemuel_doored_altar,
          hellmonk_ecumenical_altar_heavens_door, portal_sewer_entry_e,
          grunt_ministairs_14, minmay_misc_feat_five, lightli_corner_chamber

Skill      XL: |  1  2  3  4  5 |
---------------+----------------+-----
Spellcasting   | 3 4 |  4.7
Fighting       | 1 |  1.5
Dodging        | |  2.2
Stealth        | |  1.9

Action                   |  1- 3 |  4- 6 || total
-------------------------+-------+-------++-------
Melee: Dagger            |       |     4 ||     4
 Cast: Foxfire           |    95 |    87 ||   182
       Sticky Flame      |       |     2 ||     2
  Use: Scroll            |       |     5 ||     5
       Potion            |       |     1 ||     1
Armor: Robe              |       |     5 ||     5
Dodge: Dodged            |       |    21 ||    21

Table legend: (Time is in decaauts)
 A = Elapsed time spent in this place.
 B = Non-inter-level travel time spent in this place.
 C = Inter-level travel time spent in this place.
 D = Time resting spent in this place.
 E = Time spent auto-exploring this place.
 F = Levels seen in this place.
 G = Mean time per level.
                   A        B        C        D        E       F      G
               +--------+--------+--------+--------+--------+-----+--------+
         Total |   3301 |   3260 |     41 |     16 |   2820 |   3 | 1100.3 |
       Dungeon |   3301 |   3260 |     41 |     16 |   2820 |   3 | 1100.3 |
               +--------+--------+--------+--------+--------+-----+--------+

Top non-repeatable levels by time:
     D:1: 1602 daAuts
     D:2: 966 daAuts
     D:3: 732 daAuts
